cohdb
Replays
Latest Replays
All Replays
Popular Replays
Top Player Replays
Match Explorer
How It Works
Community
CoH3 Stats
Reddit
Sign in to upload your games and track your stats! →
Sign in with Steam
Match 42086305
Unlisted
Match 42086305
Overview
Messages
Build Orders
End
Kradschützen Motorcycle Team
Panzergrenadier Squad
Panzergrenadier Squad
250 Light Carrier
Construct Light Support Kompanie
Selects Armored Support Battlegroup
Combat Half-tracks
2.5-tonne Medical Truck
Fire Support Elements
MG34 Team
Panzerjäger Mechanized Group
Selects Veteran Gunners
Selects Salvage Kits
Cole3050
Hans Landa
[ZGS] DarkFire
Papa Mussolini's Pizza Service
homig
kerem
ShadowStorm
sunsetistaken
0
0
Comments
sign in to comment!
No comments posted yet!